 Dungeon Crawl Stone Soup version 0.21.1-1-g345015f (webtiles) character file.

279 grindst0ne the Skirmisher (level 6, -1/53 HPs)
             Began as a Formicid Arcane Marksman on Feb 22, 2018.
             Was a Follower of Ru.
             Slain by Pikel
             ... wielding a +1 whip of freezing
              (3 damage)
             ... on level 3 of the Dungeon.
             The game lasted 00:07:48 (3653 turns).

grindst0ne the Skirmisher (FoAM)                    Turns: 3653, Time: 00:07:49

Health: -1/53      AC:  9    Str: 15    XL:     6   Next: 52%
Magic:  7/7        EV:  6    Int: 13    God:    Ru [*.....]
Gold:   103        SH:  0    Dex: 12    Spells: 6/7 levels left

rFire    . . .     SeeInvis +   r - +0 hand axe
rCold    . . .     Gourm    .   (no shield)
rNeg     . . .     Faith    .   h - +0 chain mail
rPois    .         Spirit   .   (helmet unavailable)
rElec    .         Reflect  .   (no cloak)
rCorr    .         Harm     .   j - +0 pair of gloves
MR       .....                  (no boots)
Stlth    ..........             q - amulet of magic regeneration
HPRegen  0.17/turn              (no ring)
MPRegen  0.35/turn              (no ring)

@: no status effects
A: permanent stasis, dig shafts and tunnels, four strong arms, antennae 3,
missing an eye
a: Dig, Shaft Self, Renounce Religion


You were on level 3 of the Dungeon.
You worshipped Ru.
Ru was aware of your devotion.
You were not hungry.

You visited 1 branch of the dungeon, and saw 4 of its levels.

You collected 103 gold pieces.

Inventory:

Hand Weapons
 l - a +0 whip
 r - a +0 hand axe (weapon)
Armour
 a - a +0 robe
 h - a +0 chain mail (worn)
 j - a +0 pair of gloves (worn)
Jewellery
 q - an amulet of magic regeneration (around neck)
Wands
 o - a wand of digging (5)
Scrolls
 k - 2 scrolls of remove curse
 m - a scroll of identify
 n - 2 scrolls of magic mapping
Potions
 e - a potion of resistance
 i - a potion of curing
Books
 b - a book of Debilitation

   Spells                             Type                      Level
   a - Corona                         Hexes                        1
   b - Slow                           Hexes                        2
   c - Inner Flame                    Hexes/Fire                   3
   d - Portal Projectile              Hexes/Translocation          3
   e - Cause Fear                     Hexes                        4
   f - Leda's Liquefaction            Hexes/Earth                  4
Comestibles
 f - 5 rations


   Skills:
 + Level 6.7 Fighting
 - Level 2.0 Throwing
 - Level 1.7 Dodging
 - Level 1.1 Spellcasting
 - Level 3.6 Hexes


You had 6 spell levels left.
You knew the following spells:

 Your Spells              Type           Power        Failure   Level  Hunger
a - Corona                Hex            ##.....      85%         1    ##.....


Dungeon Overview and Level Annotations

Branches:
Dungeon (4/15)
 Temple: D:4-7

Altars:
Nemelex Xobeh
Ru
Trog

Annotations:
D:3 exclusion: downstairs, Pikel


Innate Abilities, Weirdness & Mutations

You cannot be hasted, slowed, berserked, paralysed or teleported.
You can dig through walls and to a lower floor.
Your four strong arms can wield two-handed weapons with a shield.
You have a pair of large antennae on your head. (SInv)
You are missing an eye, making it more difficult to aim.


Message History

Your chain mail prevents you from hitting Pikel.
Pikel is moderately wounded.
Pikel hits you but does no damage.
You barely miss Pikel.
Pikel is moderately wounded.
Pikel hits you with a whip of freezing. Pikel freezes you.
You hit Pikel.
Pikel is moderately wounded.
Pikel hits you with a whip of freezing. Pikel freezes you.
* * * LOW HITPOINT WARNING * * *
Pikel hits you with a whip of freezing.
* * * LOW HITPOINT WARNING * * *
Pikel freezes you.
* * * LOW HITPOINT WARNING * * *
You closely miss Pikel.
Pikel is moderately wounded.
Pikel hits you with a whip of freezing!
* * * LOW HITPOINT WARNING * * *
Pikel freezes you.
You die...

#.#.##### #.#.#
#.#.# #######.#.##
## #..........# #.
#.#####.#..# #.
#.# ##.#..# #.
####.# ##.....###.
#@##.###..........
##K#.##.......####
##p........)##
##### ##..###....#
#...######.>#
##...#
#...........#
##..#
#.[.######..#
#..##### ##.##
#....#####<......
#.#
#.##.............


You could see Pikel and a slave.

Vanquished Creatures
  An orc priest (D:4)
  A hound (D:4)
  2 jellies (D:2)
  An orc wizard (D:3)
  2 adders
  8 oozes
  A worm (D:2)
  A dart slug (D:1)
  2 leopard geckos
  7 orcs
  2 ball pythons
  3 giant cockroaches
  6 hobgoblins
  4 jackals
  11 kobolds
  5 bats (D:1)
  A frilled lizard (D:1)
  6 goblins
  7 rats
71 creatures vanquished.

Vanquished Creatures (others)
  A wizard (D:3)
  10 toadstools (D:2)
11 creatures vanquished.

Grand Total: 82 creatures vanquished

Notes
Turn   | Place    | Note
-------+----------+-------------------------------------------
     0 | D:1      | grindst0ne the Formicid Arcane Marksman began the quest for the Orb.
     0 | D:1      | Reached XP level 1. HP: 15/15 MP: 2/2
   180 | D:1      | Reached skill level 2 in Fighting
   180 | D:1      | Reached XP level 2. HP: 20/22 MP: 3/3
   549 | D:1      | Reached skill level 3 in Fighting
   549 | D:1      | Reached XP level 3. HP: 29/29 MP: 4/4
  1168 | D:2      | Reached XP level 4. HP: 29/37 MP: 5/5
  1178 | D:2      | Reached skill level 4 in Fighting
  1198 | D:2      | Reached XP level 5. HP: 23/43 MP: 6/6
  1205 | D:2      | Reached skill level 5 in Fighting
  1530 | D:2      | Found a sacrificial altar of Ru.
  1575 | D:2      | Became a worshipper of Ru the Awakened
  2072 | D:3      | Reached XP level 6. HP: 45/52 MP: 7/7
  2077 | D:3      | Reached skill level 6 in Fighting
  2352 | D:3      | Found a sparkling altar of Nemelex Xobeh.
  2871 | D:3      | Found a bloodstained altar of Trog.
  2872 | D:3      | Noticed a wizard
  2878 | D:3      | Killed a wizard
  2962 | D:4      | Noticed a phantom
  3090 | D:3      | Gained mutation: You are missing an eye, making it more difficult to aim. [Ru sacrifice]
  3090 | D:3      | Reached * piety under Ru
  3479 | D:4      | Noticed a slave
  3479 | D:4      | Noticed a slave
  3480 | D:4      | Noticed a slave
  3480 | D:4      | Noticed a phantom
  3613 | D:4      | Noticed a slave
  3619 | D:4      | Noticed Pikel
  3653 | D:3      | HP: 2/53 [Pikel/whip of freezing (7)]
  3653 | D:3      | Slain by Pikel

Skill      XL: |  1  2  3  4  5  6 |
---------------+-------------------+-----
Fighting       | 2 3 4 5 6 |  6.7
Throwing       | |  2.0
Dodging        | |  1.7
Spellcasting   | |  1.1
Hexes          | |  3.6

Action                   |  1- 3 |  4- 6 || total
-------------------------+-------+-------++-------
Melee: Unarmed           |    33 |       ||    33
       Whip              |   120 |   195 ||   315
       Hand axe          |       |    92 ||    92
Throw: Javelin           |     4 |     8 ||    12
       Throwing net      |       |     2 ||     2
Invok: Sacrifice an Eye  |       |     1 ||     1
 Abil: Dig               |       |     8 ||     8
  Use: Scroll            |       |     6 ||     6
       Potion            |       |     1 ||     1
  Eat: Ration            |       |     1 ||     1
       Chunk             |       |     7 ||     7
Armor: Robe              |    13 |       ||    13
       Chain mail        |   111 |   165 ||   276
Dodge: Dodged            |    77 |    91 ||   168
